 Dungeon Crawl Stone Soup version 0.23.2 (webtiles) character file.

Game seed: 7076442296173053958

110 Borgoz the Sneak (level 4, 0/37 HPs)
             Began as a Ghoul Assassin on Apr 5, 2019.
             Was an Initiate of Ashenzari.
             Slain by an orc
             ... wielding a +0 flail
              (8 damage)
             ... on level 3 of the Dungeon.
             The game lasted 00:02:17 (1831 turns).

Borgoz the Sneak (Ghoul Assassin)                   Turns: 1831, Time: 00:02:18

Health: 0/37       AC:  7    Str: 14    XL:     4   Next: 91%
Magic:  3/3        EV: 10    Int:  6    God:    Ashenzari [......]
Gold:   136        SH:  0    Dex: 11    Spells: 3/3 levels left

rFire    . . .     SeeInvis .   a - +2 dagger
rCold    + . .     Gourm    .   (no shield)
rNeg     + + +     Faith    .   l - +0 ring mail
rPois    ∞         Spirit   .   (no helmet)
rElec    .         Reflect  .   d - +0 cloak
rCorr    .         Harm     .   k - +0 pair of gloves
MR       .....                  (no boots)
Stlth    +.........             (no amulet)
HPRegen  0.00/turn              (no ring)
MPRegen  0.08/turn              (no ring)

@: confused, rotting
A: rotting body, claws 1, carnivore, cold resistance 1, negative energy
resistance 3, inhibited regeneration, torment resistance, unbreathing
a: Curse Item, Renounce Religion


You were on level 3 of the Dungeon.
You worshipped Ashenzari.
Ashenzari was noncommittal.
You were not hungry.

You visited 1 branch of the dungeon, and saw 3 of its levels.

You collected 136 gold pieces.

Inventory:

Hand Weapons
 a - a +2 dagger (weapon)
 b - a +0 blowgun
Missiles
 e - 33 poisoned needles
 f - 2 curare-tipped needles
 i - 6 javelins of returning (quivered)
Armour
 d - a +0 cloak (worn)
 k - a +0 pair of gloves (worn)
 l - a +0 ring mail (worn)
Jewellery
 r - an uncursed ring of protection from fire
Wands
 j - a wand of paralysis (14)
Scrolls
 h - 6 scrolls of identify {unknown}
 m - a scroll of teleportation {unknown}
 n - a scroll of fear {unknown}
 p - 3 scrolls of remove curse
 q - a scroll of fog {unknown}
Comestibles
 g - 4 rations


   Skills:
 + Level 2.6 Fighting
 + Level 3.0 Short Blades
 + Level 1.8 Throwing
 + Level 1.3 Armour
 + Level 1.1 Dodging
 + Level 5.3 Stealth


You had 3 spell levels left.
You didn't know any spells.
Your spell library was empty.

Dungeon Overview and Level Annotations

Branches:
Dungeon (3/15)

Altars:
Ashenzari
Elyvilon
Fedhas
Kikubaaqudgha


Innate Abilities, Weirdness & Mutations

Your body is rotting away.
You thrive on raw meat.
You are immune to poison.
You have sharp fingernails.
You are carnivorous and can eat meat at any time.
Your flesh is cold resistant. (rC+)
You are immune to negative energy. (rN+++)
You do not regenerate when monsters are visible.
You are immune to unholy pain and torment.
You can survive without breathing.


Message History

The orc hits you with a +0 short sword.
* * * LOW HITPOINT WARNING * * *
The orc wizard hits you with a +0 dagger.
* * * LOW HITPOINT WARNING * * *
The orc wizard hits you but does no damage.
You closely miss the orc. The orc hits you but does no damage.
The orc wizard points at you and mumbles some strange words.
The magic dart hits you.
* * * LOW HITPOINT WARNING * * *
The orc wizard hits you with a +0 dagger.
* * * LOW HITPOINT WARNING * * *
You barely miss the orc wizard.
The orc wizard is severely wounded.
The orc wizard barely misses you. The orc hits you with a +0 short sword.
* * * LOW HITPOINT WARNING * * *
The orc wizard gestures wildly while chanting.
The orc wizard flickers and vanishes!
Deactivating autopickup; reactivate with Ctrl-A.
The orc hits you with a +0 flail!
You die...

#......................#
#.
#.#############........#
#. #.#### ########## ##
#....# #######...... #
#.##.# #....).......
#.##.###(...([......
#......'............
#......###.o{o.$......
#......# #.o@.........
#......# #............
+......# #............
#......# #............
#......# #.......#####
#...... #.......#
#........ .......###


You could see an orc wizard and 2 orcs.

Vanquished Creatures
  4 gnolls (D:2)
  4 adders (D:2)
  A dart slug (D:1)
  2 orcs (D:3)
  5 bats
  A giant cockroach (D:2)
  4 goblins
  A hobgoblin (D:1)
  3 jackals (D:1)
  A ball python (D:1)
  A frilled lizard (D:1)
  2 kobolds
  7 rats
36 creatures vanquished.

Notes
Turn   | Place    | Note
-------+----------+-------------------------------------------
     0 | D:1      | Borgoz the Ghoul Assassin began the quest for the Orb.
     0 | D:1      | Reached XP level 1. HP: 17/17 MP: 0/0
   356 | D:1      | Reached XP level 2. HP: 24/24 MP: 1/1
   361 | D:1      | Reached skill level 5 in Stealth
   844 | D:2      | Reached XP level 3. HP: 29/29 MP: 2/2
  1042 | D:2      | Found a blossoming altar of Fedhas.
  1043 | D:2      | Found an ancient bone altar of Kikubaaqudgha.
  1052 | D:2      | Found a white marble altar of Elyvilon.
  1240 | D:2      | Reached skill level 1 in Dodging
  1240 | D:2      | Reached XP level 4. HP: 21/37 MP: 3/3
  1350 | D:2      | Found a shattered altar of Ashenzari.
  1383 | D:2      | Reached skill level 1 in Armour
  1423 | D:2      | Became a worshipper of Ashenzari the Shackled
  1831 | D:3      | Slain by an orc

Skill      XL: |  1  2  3  4 |
---------------+-------------+-----
Stealth        | 5 |  5.3
Short Blades   | 2 3 |  3.0
Dodging        | 1 |  1.1
Armour         | 1 |  1.3
Fighting       | |  2.6
Throwing       | |  1.8

Action                   |  1- 3 |  4- 6 || total
-------------------------+-------+-------++-------
Melee: Dagger            |    96 |    61 ||   157
  Use: Potion            |       |     6 ||     6
 Stab: Sleeping          |     4 |     3 ||     7
  Eat: Chunk             |     3 |     4 ||     7
Armor: Ring mail         |    31 |    50 ||    81
Dodge: Dodged            |    53 |    43 ||    96
